[Event "*** SCC Grand Prix: Titled Tuesday Blitz"]
[Site "Chess.com"]
[Date "2020.08.25"]
[Round "3"]
[White "Savva09022009"]
[Black "Manukyan_Artak"]
[Result "1/2-1/2"]
[WhiteElo "2315"]
[BlackElo "2324"]
[TimeControl "180+1"]
[EndTime "10:31:05 PDT"]
[Termination "Game drawn by stalemate"]

1. e4 c6 2. d4 d5 3. e5 Bf5 4.
Nd2 e6 5. Nb3 Nd7 6. Nf3 c5 7.
dxc5 Ne7 8. Be2 Nc6 9. Bf4 Nxc5 10. Nxc5 Bxc5 11. O-O O-O 12. c3 a5 13. Nd4 Qb6 14.
Nxc6 bxc6 15. Qd2 Rfb8 16. b3 Be7 17. Kh1 a4 18. b4 c5 19. a3 cxb4 20. cxb4 Rc8 21.
Rac1 h6 22. Be3 Qb7 23. Bc5 Bxc5 24. bxc5 Qb3 25. Qb4 Rab8 26. Qa5 Qxa3 27. c6 Qb4 28. Qa7 Ra8 29. Qb7 Qa5 30. c7 Qa7 31. Qc6 a3 32. h4 a2 33. Kh2 Qd4 34. g3 a1=Q 35. Rxa1 Rxa1 36. Rxa1 Qxa1 37. Qb7 Qa8 38. Qxa8 Rxa8 39. Ba6 d4 40. Kg2 d3 41. Kf1 Bg4 42. Ke1 g5 43. c8=Q+ Rxc8 44. Bxc8 gxh4 45. gxh4 Kg7 46. Kd2 Be2 47.
Bd7 Kg6 48. Be8 Bf1 49. Ke3 Kf5 50. Bxf7 Kxe5 51. f4+ Kf6 52. Be8 e5 53. fxe5+ Kxe5 54. Bg6 Kf6 55. Bxd3 Bxd3 56. Kxd3 Kf5 57. Ke3 Kg4 58. Kf2 Kxh4 59. Kg2 Kg4 60. Kh2 h5 61. Kg2 Kh4 62. Kh2 Kg4 63. Kg2 h4 64. Kh2 h3 65.
Kg1 Kh4 66. Kh1 Kg3 67. Kg1 h2+ 68. Kh1 Kh3 1/2-1/2

[Event "*** SCC Grand Prix: Titled Tuesday Blitz"]
[Site "Chess.com"]
[Date "2020.08.25"]
[Round "3"]
[White "MoreChessJulia"]
[Black "LaPorfia"]
[Result "1-0"]
[WhiteElo "1886"]
[BlackElo "2228"]
[TimeControl "180+1"]
[EndTime "10:31:06 PDT"]
[Termination "MoreChessJulia won by checkmate"]

1. d4 Nf6 2. c4 e6 3. Nf3 d5 4. g3 Nbd7 5. Bg2 c6 6. b3 Bd6 7.
Bb2 O-O 8. Nbd2 Re8 9. Ne5 Bxe5 10. dxe5 Ng4 11. Nf3 Qa5+ 12. Kf1 dxc4 13. Qd4 Nh6 14. Qxc4 Nf5 15. h4 Ne7 16. Qf4 Nd5 17. Qg4 Qb4 18. e4 Ne7 19. Ng5 Ng6 20. f4 b6 21. h5 Ngf8 22.
h6 g6 23. Kg1 Nc5 24. Kh2 Nd3 25. Rab1 Nf2 26. Qh4 Nxh1 27. Kxh1 Qe7 28. Rf1 Ba6 29. Rf2 Rad8 30. f5 Rd1+ 31. Kh2 Red8 32. fxg6 Nxg6 33.
Qh5 R1d2 34. Rxf7 Qxf7 35. Nxf7 Kxf7 36. Qf3+ Ke7 37. Ba3+ Kd7 38. Qf7+ Kc8 39. Qxe6+ Kb7 40. Bd6 Bf1 41. Qf7+ Ka6 42. Qxf1+ b5 43. Qf7 R2xd6 44. exd6 Rxd6 45. Qxh7 Ne5 46. Qg7 Rxh6+ 47. Bh3 Rh5 48. Qc7 Rh6 49. Kg2 Nc4 50. bxc4 b4 51. Bc8# 1-0

[Event "*** SCC Grand Prix: Titled Tuesday Blitz"]
[Site "Chess.com"]
[Date "2020.08.25"]
[Round "3"]
[White "Kassimov_B"]
[Black "ftorodent"]
[Result "0-1"]
[WhiteElo "2413"]
[BlackElo "2686"]
[TimeControl "180+1"]
[EndTime "10:31:07 PDT"]
[Termination "ftorodent won by checkmate"]

1. e4 c5 2. Nf3 e6 3. g3 b6 4. Bg2 Bb7 5. d3 d6 6. O-O Nd7 7. Nc3 Ngf6 8. Nh4 Qc7 9. f4 Be7 10. f5 e5 11. Nf3 O-O 12. h3 d5 13. exd5 Nxd5 14. Nxd5 Bxd5 15. c4 Bb7 16. Nd2 e4 17. Nxe4 Bxe4 18. dxe4 Rad8 19. Bf4 Ne5 20. Qe2 Rd4 21.
Rad1 Rfd8 22. b3 Bf6 23. Be3 R4d6 24. Rd5 Nc6 25. Bf4 Qe7 26. Bxd6 Rxd6 27. Rfd1 Nd4 28. Qf2 Be5 29. Rxe5 Qxe5 30. Kh1 h6 31. Qf4 f6 32.
Qxe5 fxe5 33. g4 Kf7 34. h4 Kf6 35. Kh2 Rd8 36. Rd3 a6 37. Bf1 b5 38. cxb5 axb5 39.
Rc3 Ra8 40. Rxc5 Rxa2+ 41. Kg3 Rb2 42. g5+ hxg5 43. hxg5+ Kxg5 44. Rxe5 Rxb3+ 45. Kg2 Kf4 46. Re7 Rb2+ 47. Kh3 Nf3 48. Bg2 Ng5+ 49. Kh2 b4 50.
Rxg7 Nxe4 51. Kh3 Ng5+ 52. Kh2 Kxf5 53. Rb7 Kg4 54. Kg1 Kg3 55. Bd5 Rb1# 0-1

[Event "*** SCC Grand Prix: Titled Tuesday Blitz"]
[Site "Chess.com"]
[Date "2020.08.25"]
[Round "3"]
[White "Maksimus1998"]
[Black "Justinz"]
[Result "1/2-1/2"]
[WhiteElo "2598"]
[BlackElo "2402"]
[TimeControl "180+1"]
[EndTime "10:31:07 PDT"]
[Termination "Game drawn - insufficient material"]

1. e4 c5 2. Nf3 d6 3. d4 cxd4 4. Nxd4 Nf6 5. Nc3 a6 6. Bc4 e6 7. Be3 Be7 8. Qe2 b5 9. Bb3 Qc7 10. f3 Bd7 11. O-O-O Nc6 12. Nxc6 Bxc6 13. g4 Qb7 14. h4 a5 15. a4 bxa4 16. Bxa4 O-O 17. h5 Rfb8 18. b3 d5 19. g5 Nd7 20. g6 Bf6 21. Bd4 e5 22. gxf7+ Kh8 23. Bf2 d4 24. Qc4 Rc8 25. Nd5 Bxa4 26. Qxa4 Nc5 27. Qc4 Nxb3+ 28. Qxb3 Qxb3 29. f8=Q+ Rxf8 30. cxb3 Bg5+ 31. Kb2 Rxf3 32. Bh4 Bxh4 33. Rxh4 Rb8 34. b4 axb4 35. Rc1 b3 36. Rh2 Ra8 37. Ra1 Rc8 38. Nb4 h6 39. Rc1 Rb8 40. Nc6 Ra8 41. Nxe5 Re3 42. Kb1 Rxe4 43. Nc6 d3 44. Rd2 Rea4 45. Rxd3 Ra1+ 46. Kb2 R8a2+ 47.
Kxb3 Ra3+ 48. Kb4 Rxc1 49. Rxa3 Rxc6 50. Ra5 Kh7 51. Kb5 Rc7 52. Kb6 Re7 53. Kc6 g6 54.
Kd6 Rg7 55. hxg6+ Rxg6+ 56. Ke7 h5 57. Rxh5+ Kg7 58. Re5 Rf6 59. Re6 Rxe6+ 60. Kxe6 1/2-1/2

[Event "*** SCC Grand Prix: Titled Tuesday Blitz"]
[Site "Chess.com"]
[Date "2020.08.25"]
[Round "3"]
[White "Kingfisher246"]
[Black "esrosenberg"]
[Result "1/2-1/2"]
[WhiteElo "1543"]
[BlackElo "2182"]
[TimeControl "180+1"]
[EndTime "10:31:08 PDT"]
[Termination "Game drawn - insufficient material"]

1. e4 e5 2. Nf3 Nc6 3. Nc3 Nf6 4. Bb5 Nd4 5. O-O Nxb5 6. Nxb5 c6 7. Nc3 Qc7 8. d4 d6 9. Bg5 Be7 10. Bxf6 Bxf6 11.
d5 Bg4 12. h3 Bh5 13. Qd3 Bg6 14. Rfd1 Rd8 15. a4 O-O 16. a5 Be7 17. a6 f5 18.
axb7 fxe4 19. Nxe4 Qxb7 20. dxc6 Qxc6 21. Qb3+ Kh8 22.
Neg5 e4 23. Nd4 Qd7 24. Nge6 Bh4 25. Nxf8 Rxf8 26. f3 Bh5 27. Rf1 Bf6 28. c3 Bxd4+ 29.
cxd4 exf3 30. Kh2 d5 31. g4 Qd6+ 32. Kh1 Qg3 33. Qc2 Qxh3+ 34. Qh2 Qxh2+ 35. Kxh2 Bxg4 36. Kg3 h5 37. Rxa7 Rb8 38. Rxf3 Bxf3 39. Kxf3 Rxb2 40. Kf4 Rg2 41. Ke5 h4 42. Kxd5 h3 43. Ra1 h2 44. Rh1 Kh7 45. Ke6 Kh6 46. d5 Kh5 47. d6 Re2+ 48. Kf7 g5 49. d7 Rd2 50. Rxh2+ Rxh2 51. d8=Q Kh4 52. Qd1 Rf2+ 53. Kg6 g4 54. Qh1+ Kg3 55.
Kg5 Rf3 56. Qh4+ Kg2 57. Qxg4+ Rg3 58. Qxg3+ Kxg3 1/2-1/2

[Event "*** SCC Grand Prix: Titled Tuesday Blitz"]
[Site "Chess.com"]
[Date "2020.08.25"]
[Round "3"]
[White "GelmanAlexander"]
[Black "Alexander_Moskalenko"]
[Result "0-1"]
[WhiteElo "2543"]
[BlackElo "2780"]
[TimeControl "180+1"]
[EndTime "10:31:09 PDT"]
[Termination "Alexander_Moskalenko won by resignation"]

1. d4 c6 2. Nc3 d5 3. Bf4 Bf5 4. f3 e6 5. e4 Bg6 6. h4 h6 7. h5 Bh7 8. Bd3 Nd7 9. Nge2 Bb4 10. a3 Ba5 11. Qd2 Ne7 12. O-O-O b5 13. Qe3 Nf6 14. g4 b4 15. axb4 Bxb4 16. g5 hxg5 17.
Bxg5 Neg8 18. e5 Qa5 19. exf6 gxf6 20. Bf4 Ne7 21. Bxh7 Rxh7 22. Nb1 Kd7 23. c3 Bd6 24. Bxd6 Kxd6 25. Qf4+ Kd7 26. Qxf6 Nf5 27. Rdg1 Qb5 28. Ng3 Rb8 29. Rh2 Nd6 30. h6 Rg8 31. Qe5 Rg6 32.
Qe3 Qb8 33. Ne2 Nc4 34. Qd3 Qxb2+ 35. Kd1 Rxg1+ 36. Nxg1 Qxh2 37. Qxh7 Qxg1+ 38. Ke2 Ke7 39. Qg7 Qxb1 40. h7 Qc2+ 41. Ke1 Qd2+ 42. Kf1 Ne3+ 43. Kg1 Nf5 44. Qg4 Qh6 45. Qg8 Qe3+ 46. Kg2 Nh4+ 47. Kh3 Ng6 48. Qxg6 fxg6 49. h8=Q Qxf3+ 50. Kh2 Qf4+ 51. Kg2 Qf7 52. Qe5 Qf5 53. Qc7+ Kf6 54. Qxc6 Kg5 55. Qb7 Qc2+ 56. Kg3 Qxc3+ 57. Kf2 Qxd4+ 58. Kg2 Qe4+ 59. Kg3 Kf6 60. Qxa7 g5 61. Qb8 Qe5+ 0-1

[Event "*** SCC Grand Prix: Titled Tuesday Blitz"]
[Site "Chess.com"]
[Date "2020.08.25"]
[Round "3"]
[White "Rozum_Ivan"]
[Black "SamuelGhimpu2003"]
[Result "0-1"]
[WhiteElo "2689"]
[BlackElo "2534"]
[TimeControl "180+1"]
[EndTime "10:31:09 PDT"]
[Termination "SamuelGhimpu2003 won on time"]

1. d4 Nf6 2. Nf3 e6 3. c4 d5 4. g3 Be7 5. Bg2 O-O 6. O-O dxc4 7. Qc2 a6 8. a4 Bd7 9. Rd1 Bc6 10. Nc3 Bxf3 11.
Bxf3 Nc6 12. Bxc6 bxc6 13. a5 Rb8 14. Ra4 Rb4 15. Na2 Rxa4 16. Qxa4 Qa8 17. Qxc4 Rb8 18. Rd3 Rb5 19. b4 Nd5 20. Bd2 Qb7 21. Rb3 c5 22.
dxc5 Bxc5 23. e4 Nf6 24. Rd3 Bf8 25. f3 c5 26. Rd8 Qc7 27. Qd3 c4 28. Qd4 e5 29.
Rxf8+ Kxf8 30. Qe3 Qd6 31. Bc3 Qd1+ 32. Kf2 Qc2+ 33. Qe2 Qxe2+ 34. Kxe2 Nd7 35. Kd2 Rb8 36. Bb2 Ke7 37. Kc3 Rc8 38. Bc1 Kd6 39. Be3 f6 40. Kb2 Nb8 41. Kc3 Nd7 42. Nc1 g6 43. Ne2 Nf8 44.
Bc5+ Rxc5 45. bxc5+ Kxc5 46. Kc2 Ne6 47. Nc3 Nd4+ 48. Kd2 Nb5 49. Nd5 c3+ 50. Kc2 f5 51. Nf6 Kb4 0-1

[Event "*** SCC Grand Prix: Titled Tuesday Blitz"]
[Site "Chess.com"]
[Date "2020.08.25"]
[Round "3"]
[White "Mikhail_Golubev"]
[Black "karwowskikacper"]
[Result "0-1"]
[WhiteElo "2617"]
[BlackElo "2414"]
[TimeControl "180+1"]
[EndTime "10:31:09 PDT"]
[Termination "karwowskikacper won on time"]

1. e4 c5 2. Nf3 e6 3. d4 cxd4 4. Nxd4 Nc6 5. Nc3 a6 6. Be3 Qc7 7. a3 Nf6 8. f4 h5 9. Be2 d6 10. O-O Bd7 11. Kh1 Nxd4 12. Bxd4 Bc6 13. Bf3 Be7 14. e5 dxe5 15. fxe5 Ng4 16. Bxc6+ Qxc6 17. Qe2 Nh6 18. Qxh5 O-O-O 19. Bg1 Nf5 20. Qf3 Rh4 21. Qxc6+ bxc6 22. Rf3 Rdh8 23. h3 g5 24. Bf2 g4 25.
Rxf5 exf5 26. Bxh4 Rxh4 27. Rf1 gxh3 28. Rxf5 hxg2+ 29. Kxg2 Rh7 30. Ne4 Kd7 31. Nf6+ Bxf6 32. Rxf6 a5 33.
Kf3 Kc7 34. Ke3 Kb6 35. Kd3 Kc5 36. Kd2 a4 37. Rf5 Kd5 38. c4+ Kxc4 39. Rf4+ Kd5 40. Rxa4 Kxe5 41. Ra5+ Kd4 42. Rf5 Rh2+ 43. Kc1 Kd3 44.
Rf3+ Kc4 45. Rxf7 Kb3 46. Rb7+ Ka2 47. a4 Rh4 48. a5 Ra4 49. b4 Kb3 50. Rb6 Kc4 51.
Kd2 c5 0-1

[Event "*** SCC Grand Prix: Titled Tuesday Blitz"]
[Site "Chess.com"]
[Date "2020.08.25"]
[Round "3"]
[White "Artem_Sadovsky"]
[Black "freshfoodcompany"]
[Result "1-0"]
[WhiteElo "2554"]
[BlackElo "2357"]
[TimeControl "180+1"]
[EndTime "10:31:09 PDT"]
[Termination "Artem_Sadovsky won by resignation"]

1. c4 e6 2. g3 d5 3. Bg2 Be7 4.
Nf3 Nf6 5. O-O dxc4 6. Qa4+ Bd7 7. Qxc4 Bc6 8. d3 Nbd7 9. Bf4 O-O 10. Nbd2 Nd5 11.
Be5 f6 12. Bd4 Kh8 13. e4 N7b6 14. Bxb6 Nxb6 15. Qxe6 Bd7 16. Qb3 Ba4 17. Qc3 a5 18. d4 Bb5 19. Rfc1 c6 20. Qe3 Re8 21. h4 Bf8 22. a3 Nd5 23. Qe1 f5 24. Ne5 Rxe5 25.
dxe5 fxe4 26. Nxe4 Be7 27. Qd2 Qb8 28. Ng5 h6 29. Nf7+ Kh7 30. Bxd5 cxd5 31. Qxd5 Bc6 32. Qd3+ Kg8 33. Nxh6+ gxh6 34. Qg6+ Kf8 35. Rc4 Qxe5 36. Rf4+ Qxf4 37. gxf4 Bxh4 38. Qxh6+ Kf7 39. Qxh4 Rg8+ 40.
Qg3 Rh8 41. f3 Rg8 42. Qg5 Bxf3 43. Qxg8+ Kxg8 44. Kf2 Bc6 45. Ke3 Kf7 46. Kd4 Kf6 47. Kc5 Kf5 48. b4 axb4 49. axb4 Kxf4 50. Re1 Bf3 51.
Rf1 Ke3 52. Rxf3+ Kxf3 53. Kb6 Ke4 54. Kxb7 Kd5 55. Ka6 Kc6 56. b5+ Kc7 57. Ka7 Kc8 58.
b6 Kd7 59. b7 Kc6 60. b8=Q Kc5 61. Qb6+ Kc4 62. Kb7 Kc3 63. Kc7 Kc2 64. Kd6 Kd2 65. Ke5 Ke2 66. Ke4 1-0

[Event "*** SCC Grand Prix: Titled Tuesday Blitz"]
[Site "Chess.com"]
[Date "2020.08.25"]
[Round "3"]
[White "Misticpikachu"]
[Black "Larina_Marija"]
[Result "1-0"]
[WhiteElo "2309"]
[BlackElo "2092"]
[TimeControl "180+1"]
[EndTime "10:31:09 PDT"]
[Termination "Misticpikachu won by checkmate"]

1. c4 f5 2. Nc3 Nf6 3. g3 g6 4. Bg2 Bg7 5. Nf3 d6 6. O-O O-O 7. d4 Nc6 8. b3 e5 9. dxe5 dxe5 10. Bb2 e4 11. Ng5 h6 12. Nh3 g5 13. f3 Qe8 14.
fxe4 Nxe4 15. Nxe4 Bxb2 16. Nc5 Qe3+ 17. Kh1 Qxc5 18.
Bd5+ Kg7 19. Rb1 Qd4 20. Qc2 Ba3 21. Rbd1 Qe5 22. e4 Nb4 23. Qf2 Nxd5 24. exd5 b6 25.
Rde1 Qf6 26. Qd2 Bd6 27. Nf2 Qg6 28. Qd4+ Kh7 29. Nd3 Bd7 30. c5 bxc5 31. Nxc5 Bxc5 32. Qxc5 Qd6 33. Re7+ Kg6 34. Qxd6+ cxd6 35. Rxd7 Rf6 36. Rc1 f4 37. gxf4 gxf4 38. Kg2 f3+ 39. Kf2 Re8 40. Re1 Rxe1 41. Kxe1 f2+ 42. Kf1 a5 43. Ra7 Kg5 44. Rxa5 Kg4 45. Ra4+ Kf3 46. Rh4 Rg6 47. Rh3+ Kg4 48. Rg3+ Kf5 49. Rxg6 Kxg6 50. Kxf2 Kf5 51. a4 Ke4 52. a5 Kxd5 53. Ke3 Kc6 54. Kd4 Kb5 55. Kd5 Kxa5 56. Kxd6 Kb4 57. Ke6 Kxb3 58. Kf6 Kc4 59. Kg6 Kd5 60. Kxh6 Ke6 61. Kg6 Ke7 62. Kg7 Ke8 63. h4 Ke7 64. h5 Ke6 65. h6 Ke7 66. h7 Ke6 67. h8=Q Ke7 68. Qh6 Ke8 69. Qb6 Ke7 70. Qc6 Kd8 71. Qb7 Ke8 72.
Kf6 Kf8 73. Qf7# 1-0

[Event "*** SCC Grand Prix: Titled Tuesday Blitz"]
[Site "Chess.com"]
[Date "2020.08.25"]
[Round "3"]
[White "GOGIEFF"]
[Black "davidkalashian"]
[Result "1/2-1/2"]
[WhiteElo "2850"]
[BlackElo "2621"]
[TimeControl "180+1"]
[EndTime "10:31:10 PDT"]
[Termination "Game drawn - insufficient material"]

1. d4 Nf6 2. c4 e6 3. Nc3 Bb4 4. e3 c5 5. Bd3 O-O 6. Nf3 d5 7. O-O dxc4 8. Bxc4 Nbd7 9. a3 cxd4 10. axb4 dxc3 11. bxc3 Qc7 12. Be2 Nd5 13. Bb2 Nxc3 14. Qc2 Nxe2+ 15. Qxe2 Nf6 16. Bxf6 gxf6 17. Rfc1 Qe7 18.
Rc4 e5 19. Qc2 Be6 20. Rc7 Qxb4 21. Ra4 Qb3 22. Rg4+ Kh8 23. Qxb3 Bxb3 24. Rxb7 Rfb8 25. Rgb4 Rxb7 26. Rxb7 Bd5 27. Rb5 Bxf3 28. gxf3 a5 29. Rb3 a4 30. Ra3 Kg7 31. Kg2 f5 32. f4 e4 33. Kf1 Kf6 34. Ke2 Ke6 35. Kd2 Kd5 36. Kc3 Kc5 37. Kb2 Kb4 38. Ra1 Rd8 39. Kc2 Rc8+ 40.
Kb2 Rg8 41. Rd1 Rg2 42. Rd4+ Kc5 43. Rxa4 Rxf2+ 44. Kc3 Rxh2 45. Ra5+ Kd6 46. Rxf5 h5 47. Kd4 Ke6 48. Kxe4 h4 49. Rh5 Rh1 50. Rh6+ f6 51. Kf3 h3 52. e4 h2 53. Kg2 Re1 54. e5 h1=Q+ 55. Rxh1 Rxh1 56. Kxh1 fxe5 57. fxe5 Kxe5 1/2-1/2

[Event "*** SCC Grand Prix: Titled Tuesday Blitz"]
[Site "Chess.com"]
[Date "2020.08.25"]
[Round "3"]
[White "Chess_Boxer123"]
[Black "Fighter008"]
[Result "1-0"]
[WhiteElo "2529"]
[BlackElo "2670"]
[TimeControl "180+1"]
[EndTime "10:31:10 PDT"]
[Termination "Chess_Boxer123 won by resignation"]

1. Nf3 Nf6 2. b3 g6 3. Bb2 Bg7 4. e3 d6 5. Be2 O-O 6. d4 e5 7.
dxe5 Nfd7 8. c4 dxe5 9. Qc1 Nc6 10. O-O e4 11. Nfd2 Bxb2 12. Qxb2 f5 13. b4 Nce5 14.
c5 Qf6 15. Kh1 a5 16. a3 axb4 17. axb4 Rxa1 18. Qxa1 Nc6 19. Qa3 Nde5 20. b5 Ne7 21.
Nc3 Be6 22. Nb3 Bc4 23. Nd4 Bxe2 24. Ncxe2 Ng4 25. h3 Ne5 26. Nf4 Nc8 27. Qa2+ Qf7 28.
Qxf7+ Rxf7 29. Ra1 Rf8 30. Nd5 c6 31. bxc6 bxc6 32.
Nb6 Nxb6 33. cxb6 Rb8 34. Ra5 Nd7 35. Ra7 Nxb6 36. Nxc6 Re8 37. Ne7+ Kh8 38. Nc6 Nc4 39. Rc7 Ne5 40. Nxe5 Rxe5 41. Kh2 Kg8 42. Kg3 Re8 43.
Kf4 Rf8 44. Kg5 Rf7 45. Rxf7 Kxf7 46. Kh6 Kg8 47. h4 Kh8 48. h5 gxh5 49. Kxh5 Kg7 50.
Kg5 Kf7 51. Kxf5 Kg7 52. Kxe4 Kf7 53. Kf4 Kf6 1-0

[Event "*** SCC Grand Prix: Titled Tuesday Blitz"]
[Site "Chess.com"]
[Date "2020.08.25"]
[Round "3"]
[White "anon481216"]
[Black "Andreikka"]
[Result "0-1"]
[WhiteElo "2441"]
[BlackElo "2834"]
[TimeControl "180+1"]
[EndTime "10:31:10 PDT"]
[Termination "Andreikka won by resignation"]

1. d4 Nf6 2. c4 e6 3. Nf3 d5 4. Nc3 a6 5. cxd5 exd5 6. Bg5 Be6 7. e3 Nbd7 8. Bd3 Bd6 9. O-O c6 10. Bh4 h6 11. Bg3 Qb8 12. Rc1 O-O 13. Na4 Bxg3 14. hxg3 Qd6 15. Nc5 Nxc5 16. dxc5 Qe7 17. Nd4 Bd7 18.
b4 Qe5 19. Qc2 g6 20. Rfe1 Rae8 21. a4 Ng4 22. Qb2 Qh5 23. Nf3 Re6 24. Qd4 Rf6 25. Be2 Re8 26. Nh4 Kg7 27. Bxg4 Bxg4 28. b5 axb5 29. axb5 cxb5 30. c6 bxc6 31. Rxc6 Qe5 32. Qxe5 Rxe5 33. Rxf6 Kxf6 34. Rb1 Bd7 35. Nf3 Re8 36.
Nd4 Rb8 37. Nc2 Bf5 38. Rb2 Bxc2 39. Rxc2 b4 40. Rb2 b3 41. Kf1 Ke5 42. Ke2 d4 43. Kd3 dxe3 44. Kxe3 h5 45. Kd3 Rd8+ 46. Kc3 Rd1 47.
Rxb3 Rg1 48. Kd3 Rxg2 49. Ke3 Rg1 50. Rb5+ Kf6 51. Rb6+ Kg5 52. Rb5+ Kg4 53. Ke2 Ra1 54. Rb7 f5 55. Rb4+ Kh3 56. Rb6 g5 57. Rg6 Ra2+ 58.
Kf3 g4+ 59. Ke3 Kg2 60. Rg5 Rxf2 61. Rxh5 Kxg3 62. Rh1 f4+ 63. Ke4 Re2+ 64. Kd3 f3 0-1

[Event "*** SCC Grand Prix: Titled Tuesday Blitz"]
[Site "Chess.com"]
[Date "2020.08.25"]
[Round "3"]
[White "gmcorrales"]
[Black "Koksik_13"]
[Result "1/2-1/2"]
[WhiteElo "2909"]
[BlackElo "2666"]
[TimeControl "180+1"]
[EndTime "10:31:11 PDT"]
[Termination "Game drawn - insufficient material"]

1. e4 e6 2. d4 d5 3. e5 c5 4. c3 Nc6 5. Nf3 Nh6 6. a3 Nf5 7. Bd3 cxd4 8. Bxf5 exf5 9. cxd4 Be7 10. h4 Be6 11.
Nc3 h6 12. g3 Qb6 13. Kf1 O-O-O 14. Kg2 g5 15. Na4 Qa6 16. hxg5 hxg5 17. Rxh8 Rxh8 18. Bxg5 Bxg5 19. Nxg5 f4 20. Nc5 Qb6 21. Ncxe6 fxe6 22. Qg4 fxg3 23. Qxe6+ Kb8 24. Qd6+ Ka8 25. Ne6 a6 26. b4 gxf2 27. Rf1 Rg8+ 28. Kxf2 Rc8 29. Rc1 Qb5 30.
Nc7+ Rxc7 31. Qxc7 Qd3 32. Rxc6 Qxd4+ 33. Ke2 Qe4+ 34.
Kd2 Qd4+ 35. Kc2 Qe4+ 36. Kb3 bxc6 37. Qxc6+ Ka7 38. Ka4 Qxe5 39. Ka5 d4+ 40. Ka4 Qb5+ 41. Qxb5 axb5+ 42. Kb3 Kb6 43. a4 bxa4+ 44. Kxa4 Kc6 45. Kb3 Kb5 46. Ka3 Kc4 47. Kb2 d3 48. Kc1 Kxb4 49. Kd2 Kc4 50. Kd1 Kc3 51. Kc1 Kd4 52. Kd2 Ke4 53.
Kd1 Ke3 54. Ke1 Kd4 55. Kd2 Kc4 56. Kd1 Kc3 57. Kc1 d2+ 58. Kd1 Kb2 59. Kxd2 1/2-1/2

[Event "*** SCC Grand Prix: Titled Tuesday Blitz"]
[Site "Chess.com"]
[Date "2020.08.25"]
[Round "3"]
[White "Mazetovic"]
[Black "mamey78"]
[Result "1-0"]
[WhiteElo "2669"]
[BlackElo "2409"]
[TimeControl "180+1"]
[EndTime "10:31:11 PDT"]
[Termination "Mazetovic won on time"]

1. d4 d5 2. Nf3 Nf6 3. Bg5 Ne4 4.
Bf4 c5 5. c3 Nc6 6. e3 Qb6 7.
Qb3 c4 8. Qc2 Bf5 9. Nh4 e6 10.
Nxf5 exf5 11. f3 g5 12. fxe4 gxf4 13. exd5 Ne7 14. exf4 Nxd5 15. Bxc4 Ne3 16. Qa4+ Kd8 17. Bb3 Nxg2+ 18. Kd2 Bd6 19. Kc2 Ne3+ 20. Kd3 Bxf4 21. Rf1 Nxf1 22. Na3 Ne3 23. Rg1 Qc6 24. Qa5+ b6 25.
d5 Qc5 26. Qxc5 bxc5 27. Rg7 Rf8 28. d6 a5 29. Ba4 Nd5 30. Bc6 Ra6 31. Bxd5 Rxd6 32.
Kc4 Bxh2 33. Rxh7 Be5 34. Nb5 Rf6 35. Kxc5 f4 36. Bf3 Rg8 37. Kd5 Bb8 38. Nd4 Rg3 39. Rh8+ Kc7 40. a4 Ba7 41. Nb5+ Kd7 42. Ke4 Bb6 43. Rb8 Rg1 44. Rb7+ Kd8 45. Ke5 Re6+ 46. Kf5 Rg3 47. Kxf4 Rgg6 48. Bd5 Rgf6+ 49. Kg4 Rg6+ 50.
Kf4 Rgf6+ 51. Kg5 Re1 52. Kxf6 1-0

[Event "*** SCC Grand Prix: Titled Tuesday Blitz"]
[Site "Chess.com"]
[Date "2020.08.25"]
[Round "3"]
[White "DrMamaliga"]
[Black "Natalya_Buksa"]
[Result "0-1"]
[WhiteElo "2218"]
[BlackElo "2489"]
[TimeControl "180+1"]
[EndTime "10:31:12 PDT"]
[Termination "Natalya_Buksa won on time"]

1. c4 e6 2. Nf3 d5 3. b3 Nf6 4. g3 Be7 5. Bb2 O-O 6. Bg2 c5 7.
O-O Nc6 8. e3 d4 9. exd4 cxd4 10.
Re1 Bc5 11. Ne5 Nxe5 12. Rxe5 Qd6 13. f4 Rb8 14. d3 b6 15. Nd2 Bb7 16. Qe2 Bxg2 17.
Qxg2 Ng4 18. Ree1 Ne3 19. Qe2 Nc2 20. Ne4 Qe7 21. Qxc2 h6 22. a3 a5 23. Qf2 Rfd8 24.
Re2 Qd7 25. Rf1 Bf8 26. f5 e5 27. Bc1 b5 28. c5 Qd5 29. b4 axb4 30. axb4 Qb3 31. f6 g6 32. Qf3 Ra8 33. Bd2 Ra2 34.
Rff2 Ra3 35. Qg4 Qxd3 36. Qh4 h5 37. g4 Ra1+ 38. Kg2 Qb1 39. Re1 Qa2 40. Rxa1 Qxa1 41. gxh5 g5 42. Qxg5+ Kh8 43. h6 Qb1 44. Qf5 Ra8 45.
h7 Ra1 46. Kh3 Ra3+ 47. Rf3 Qf1+ 48. Kg3 Qg1+ 49. Kh4 Qxh2+ 50. Rh3 Rxh3+ 51. Qxh3 Qg1 52. Qg3 Qh1+ 53. Kg5 Qxe4 0-1

[Event "*** SCC Grand Prix: Titled Tuesday Blitz"]
[Site "Chess.com"]
[Date "2020.08.25"]
[Round "3"]
[White "kidagent"]
[Black "Azoulas1"]
[Result "1-0"]
[WhiteElo "2257"]
[BlackElo "1958"]
[TimeControl "180+1"]
[EndTime "10:31:12 PDT"]
[Termination "kidagent won by checkmate"]

1. e4 c5 2. Nf3 Nf6 3. Nc3 d6 4. d4 cxd4 5. Nxd4 a6 6. Bg5 e6 7.
f4 Be7 8. Qf3 h6 9. Bh4 Qc7 10.
O-O-O b5 11. Bd3 Bb7 12. Rhe1 Nbd7 13. Qg3 b4 14. Na4 Nh5 15. Qf2 d5 16. Bxe7 dxe4 17. Bxe4 Kxe7 18. Nf5+ Kf8 19. Bxb7 Qxb7 20. Nd6 Qc7 21.
Qf3 Rb8 22. Qxh5 Nf6 23. Qf3 Ke7 24. Nf5+ Kf8 25. Nd4 Rc8 26. Rd2 Nd5 27. f5 Nc3 28. Nxc3 bxc3 29. Qxc3 Qxc3 30. bxc3 exf5 31. Nxf5 g6 32.
Nd6 Rd8 33. c4 Kg7 34. c5 Rb8 35. c6 Rb6 36. c7 Rc6 37. c8=Q Rhxc8 38. Nxc8 Rxc8 39.
Re7 Rc6 40. Rdd7 Rf6 41. Kb2 h5 42. Kb3 h4 43. a4 g5 44. Kb4 Kg6 45. h3 Rf2 46.
Rd6+ f6 47. Rxa6 Rxg2 48. Ree6 Rf2 49. Rac6 g4 50. hxg4 h3 51. Rc3 h2 52. Rh3 Kg5 53. Re8 Kxg4 54. Rh7 Kg3 55. Rg8+ Kf3 56. Rgh8 Kg2 57.
Rxh2+ Kg1 58. Rxf2 Kxf2 59. a5 Ke2 60. a6 f5 61. a7 f4 62. a8=Q f3 63. Qe4+ Kd2 64.
Rh2+ Kc1 65. Qxf3 Kb1 66. Qc3 Ka2 67. Qb3+ Ka1 68. Rh1# 1-0

[Event "*** SCC Grand Prix: Titled Tuesday Blitz"]
[Site "Chess.com"]
[Date "2020.08.25"]
[Round "3"]
[White "english_player_89"]
[Black "novocane"]
[Result "1-0"]
[WhiteElo "2502"]
[BlackElo "2256"]
[TimeControl "180+1"]
[EndTime "10:31:13 PDT"]
[Termination "english_player_89 won by checkmate"]

1. e4 c5 2. Nf3 Nc6 3. d4 cxd4 4.
Nxd4 e5 5. Nb5 d6 6. c4 Be7 7. N1c3 a6 8. Na3 f5 9. exf5 Bxf5 10. Bd3 Be6 11. Qh5+ Bf7 12. Qg4 Nf6 13. Qh3 Nd4 14. O-O Qd7 15. Qxd7+ Nxd7 16. Be3 O-O 17. Bxd4 exd4 18.
Ne2 Bf6 19. Nc2 Rac8 20. Ncxd4 Ne5 21. Bf5 Rxc4 22. Rad1 g6 23. Be6 d5 24. Nc3 Rxd4 25. Bxf7+ Rxf7 26. Rxd4 Nf3+ 27. gxf3 Bxd4 28. Nxd5 Rxf3 29.
b3 Kg7 30. Kg2 Rf5 31. Nb4 a5 32. Nd3 b5 33. f4 a4 34. Kf3 Rf7 35. Ke4 Rd7 36.
Rc1 a3 37. Rc6 Bb2 38. Rb6 Rc7 39. Rxb5 Rc2 40. Rb7+ Kf6 41. Ne5 Bxe5 42. fxe5+ Ke6 43. Rxh7 Rxa2 44. Rg7 Rg2 45. Ra7 a2 46. Ra6+ Kf7 47.
h4 Rb2 48. Kd5 Rxb3 49. Ra7+ Ke8 50. Rxa2 Rb6 51. Rc2 Ra6 52. Rc6 Ra5+ 53. Ke6 Ra4 54. Rc8# 1-0

[Event "*** SCC Grand Prix: Titled Tuesday Blitz"]
[Site "Chess.com"]
[Date "2020.08.25"]
[Round "3"]
[White "chessplayer9919"]
[Black "Izoria123"]
[Result "0-1"]
[WhiteElo "2595"]
[BlackElo "2853"]
[TimeControl "180+1"]
[EndTime "10:31:14 PDT"]
[Termination "Izoria123 won on time"]

1. d4 d6 2. e4 Nf6 3. Nc3 g6 4. f4 Bg7 5. Nf3 O-O 6. e5 Nfd7 7. h4 c5 8. h5 cxd4 9. Qxd4 dxe5 10. Qf2 e4 11. Nxe4 Nf6 12. Nxf6+ exf6 13. hxg6 Re8+ 14. Be2 hxg6 15. Bd2 Nc6 16. O-O-O Bf5 17. Bc4 Qc7 18. Nh4 Be4 19. Bc3 Nb4 20. Bb3 a5 21. Nf3 a4 22. Qh4 axb3 23. Qh7+ Kf8 24. Bxb4+ Re7 25. c3 Qxf4+ 26. Rd2 bxa2 27. Qh8+ Bxh8 28. Rxh8+ Kg7 29.
Rxa8 Rd7 30. Bf8+ Kh7 31. g3 Rxd2 32. gxf4 Rc2+ 33. Kd1 Rxb2 34. Nd2 Rb1+ 35. Ke2 a1=Q 36. Rxa1 Rxa1 37. Nxe4 f5 38. Nf6+ Kh8 39. Bd6 Kg7 40. Be5 Kh6 41. Ne8 Ra6 42. Kf3 g5 43. fxg5+ Kxg5 44.
Bf4+ Kg6 45. Nd6 Ra3 46. Be5 f6 47. Bd4 Rb3 48. Nc8 Kf7 49. Nd6+ Ke6 50. Nc4 b5 51. Ne3 b4 52. cxb4 Rxb4 53. Bxf6 f4 54. Bc3 Ra4 55. Ng2 Kf5 56. Nh4+ Kg5 57. Ng2 Ra3 58. Ne1 Rxc3+ 0-1